Map: [ESL] Tropical Sacrifice

Players

HeroMarine

  • Race: Terran Terran
  • Spawn Location: 7:00

Solar - Winner!

  • Race: Zerg Zerg
  • Spawn Location: 1:00

Event: TSL 9

VOD

Have the link to the VOD?

Description

Time

  • Played on: Aug. 15, 2022, 6:31 a.m.
  • Length: 16:11

All games in this series

Show
View Real Time Build Order
Export as new Build Order

HeroMarine Terran 

Build Orders: Command Center First (CC) 

Get SALT Encoding   

  12  0:00  SCV  
  13  0:12  SCV  
  14  0:17  Supply Depot  
  14  0:24  SCV  
  15  0:39  SCV  
  16  0:51  SCV  
  17  1:00  Command Center  
  17  1:03  SCV  
  18  1:13  Barracks  
  18  1:17  SCV  
  19  1:22  Refinery  
  19  1:29  SCV  
  19  1:30  Refinery  
  20  1:41  SCV  
  21  1:53  SCV  
  22  2:00  Reaper  
  23  2:05  Orbital Command  
  23  2:12  Orbital Command  
  23  2:20  Factory  
  23  2:31  SCV  
  23  2:32  Barracks Reactor  
  24  2:37  SCV  
  24  2:43  SCV  
  26  2:46  Barracks  
  26  2:48  Barracks  
  26  2:51  SCV  
  26  2:55  SCV  
  28  3:03  SCV  
  29  3:06  Starport  
  29  3:07  SCV  
  32  3:13  Hellion x2  
  32  3:16  SCV  
  37  3:20  SCV  
  37  3:23  Barracks Tech Lab  
  37  3:24  Supply Depot  
  36  3:28  SCV  
  36  3:32  SCV  
  36  3:33  Supply Depot  
  38  3:36  Barracks Reactor x2  
  38  3:46  Viking, SCV x2  
  38  3:47  Stimpack  
  42  3:51  Hellion  
  42  3:55  Hellion  
  46  3:58  SCV x2  
  46  4:02  Marine  
  48  4:04  Supply Depot  
  49  4:10  SCV x2  
  49  4:14  Marine x3  
  54  4:24  Supply Depot  
  54  4:25  Marine x2  
  54  4:26  SCV  
  54  4:27  Supply Depot, SCV  
  54  4:29  Medivac x2  
  62  4:35  Factory Reactor  
  62  4:45  Marine x5  
  62  4:49  SCV x2  
  62  4:50  Command Center  
  69  4:54  Supply Depot  
  69  5:03  SCV x2, Marine x5  
  76  5:15  SCV x2  
  76  5:21  Marine x5  
  78  5:23  Engineering Bay x2  
  78  5:25  Supply Depot, Refinery  
  78  5:27  Combat Shield  
  83  5:29  Refinery  
  83  5:30  SCV  
  83  5:31  SCV  
  85  5:39  Marine  
  86  5:47  Medivac x2, Marine x4  
  94  6:01  SCV x2, Marine  
  94  6:05  Marine x4  
  94  6:09  Terran Infantry Weapons Level 1  
  92  6:12  Barracks  
  92  6:13  SCV, Terran Infantry Armor Level 1  
  92  6:15  Barracks  
  92  6:19  Marine  
  92  6:21  Orbital Command  
  92  6:22  SCV, Marine x4  
  98  6:25  SCV  
  98  6:30  Medivac  
  101  6:34  SCV  
  101  6:36  Supply Depot  
  101  6:37  Marine  
  101  6:38  SCV  
  104  6:40  Marine x4  
  104  6:46  SCV  
  107  6:50  SCV  
  107  6:51  Widow Mine  
  109  6:57  Marine  
  109  6:58  SCV, Widow Mine, Marine x4  
  117  7:02  Orbital Command  
  117  7:03  SCV  
  117  7:08  Medivac  
  116  7:10  SCV  
  116  7:14  Barracks Reactor, Medivac  
  117  7:15  Barracks Reactor  
  117  7:18  Supply Depot  
  117  7:19  Marine x5  
  117  7:20  SCV, Armory  
  117  7:21  Supply Depot  
  123  7:23  SCV  
  124  7:32  SCV  
  124  7:35  SCV, Widow Mine  
  125  7:40  SCV, Medivac, Widow Mine, Marine  
  125  7:41  Marine x2  
  133  7:45  Marine  
  133  7:48  Marine  
  133  7:50  Supply Depot, Bunker, Marine x2  
  138  7:51  Marine  
  138  7:57  Factory  
  138  8:00  Marine x2  
  138  8:02  Marine  
  138  8:05  Marine  
  140  8:11  Marine x2  
  137  8:17  Marine  
  137  8:19  Terran Infantry Armor Level 2, Terran Infantry Weapons Level 2  
  134  8:23  Marine x2  
  134  8:24  Medivac, Marine x2  
  134  8:25  Medivac, Widow Mine x2, Marine x2  
  129  8:29  Marine x2  
  129  8:35  Marine  
  129  8:41  Factory Tech Lab, Marine x3  
  130  8:42  Marine  
  130  8:43  Marine x2  
  130  8:46  Widow Mine x2  
  130  8:47  Marine  
  130  8:48  Marine  
  140  8:55  Command Center, Marine  
  140  8:58  Medivac x2  
  140  8:59  Marine x3  
  148  9:03  Marine  
  149  9:14  Marine x2  
  122  9:18  Marine x3  
  122  9:22  Marine x2  
  124  9:25  Marine  
  124  9:26  Drilling Claws  
  124  9:27  Siege Tank  
  121  9:31  Barracks  
  121  9:32  Barracks, Medivac x2, Marine x2  
  121  9:33  Barracks  
  121  9:35  SCV x3  
  121  9:36  Refinery, Marine  
  121  9:37  Refinery  
  130  9:40  Terran Vehicle Weapons Level 1  
  130  9:41  Marine  
  130  9:42  Marine x2  
  130  9:43  Siege Tank  
  135  9:49  Marine x2  
  135  9:50  Supply Depot  
  135  9:51  Supply Depot, Marine  
  135  9:52  Supply Depot, Marine  
  139  9:54  Marine x2  
  139  10:03  Marine  
  139  10:04  Marine x2  
  139  10:05  Siege Tank  
  140  10:11  SCV, Marine  
  140  10:12  SCV x2  
  144  10:15  Siege Tank  
  144  10:20  Barracks Tech Lab x3, Marine  
  144  10:21  Marine x2  
  150  10:22  Marine  
  150  10:23  SCV  
  150  10:25  Marine  
  153  10:34  Marine x2  
  154  10:38  Planetary Fortress  
  154  10:40  Marine x2  
  154  10:41  Marauder x2  
  159  10:50  Sensor Tower  
  159  10:53  Marine x3  
  159  10:54  Siege Tank, Marine  
  159  10:55  Siege Tank  
  164  11:03  Marauder x3  
  164  11:04  Concussive Shells  
  170  11:06  Marine x3  
  170  11:07  Marine x3  
  170  11:11  Marine x3  
  176  11:13  Supply Depot  
  176  11:15  Supply Depot  
  176  11:16  Liberator  
  180  11:24  Liberator  
  180  11:26  Marauder x2  
  180  11:27  Marauder  
  186  11:33  Marine x2  
  174  11:41  Marine x3  
  174  11:42  Ghost Academy, Siege Tank  
  174  11:44  Marine x2  
  174  11:45  Marine x2  
  184  11:48  Marauder x3  
  184  11:49  Marine  
  184  11:51  Siege Tank, Marine  
  195  12:00  Marine  
  195  12:05  Liberator  
  198  12:08  Terran Infantry Weapons Level 3  
  198  12:09  Marauder  
  198  12:13  Command Center  
  178  12:23  Terran Infantry Armor Level 3  
  178  12:24  Marauder  
  178  12:25  Marine x5  
  185  12:32  Marauder  
  185  12:33  Marine x2  
  185  12:35  Marine x2  
  185  12:36  Marine  
  185  12:37  Marine  
  190  12:43  Marine x5  
  188  12:46  Marauder  
  188  12:51  Marine x2  
  190  12:53  Marine x2  
  190  12:54  Liberator, Marauder  
  190  12:57  Marine x2  
  194  13:01  Marine  
  194  13:04  Marine x2  
  169  13:06  Terran Vehicle Weapons Level 2  
  169  13:07  Marauder  
  169  13:08  Marine x2  
  169  13:10  Marine  
  169  13:12  Marine  
  145  13:13  Marine x2  
  145  13:15  Marauder, Marine x2  
  145  13:19  Marine  
  146  13:20  Siege Tank  
  146  13:22  Marine x2  
  146  13:23  Siege Tank  
  146  13:25  Marine  
  146  13:26  Marine  
  156  13:28  Marine  
  156  13:33  Liberator  
  160  13:34  Marine x3  
  160  13:36  Liberator, Marine x2  
  160  13:39  Marauder  
  170  13:44  Marine x2  
  170  13:46  Marine x2  
  176  13:51  Marine x2  
  176  13:52  Siege Tank  
  176  13:54  Marauder  
  176  13:55  Planetary Fortress, Marine x2  
  182  13:59  SCV x2  
  182  14:00  SCV  
  168  14:04  Siege Tank  
  168  14:16  SCV x3, Medivac  
  173  14:18  Marauder  
  173  14:19  Medivac, Marine  
  173  14:20  Marine  
  173  14:22  Marine x2  
  184  14:24  Siege Tank, Marine x3  
  184  14:25  Marine  
  184  14:31  Marauder  
  184  14:32  Marine x2  
  184  14:35  Marine  
  184  14:36  Siege Tank  
  184  14:37  Marine  
  184  14:38  Marine  
  159  14:39  SCV x2  
  159  14:44  Marine x3  
  159  14:45  Marauder  
  159  14:51  Marine x2  
  161  14:53  Medivac x2, Marauder  
  161  14:57  Marine x2  
  161  14:58  Marine x2  
  161  14:59  Marauder, Marine  
  169  15:02  Marine x3  
  169  15:06  Siege Tank  
  171  15:09  Siege Tank  
  171  15:11  Marine x3  
  171  15:14  Marine  
  177  15:15  Marine  
  177  15:21  Marauder  
  172  15:29  Marauder  
  172  15:35  Marauder  
  152  15:38  Siege Tank, Marine x2  
  152  15:39  Marine  
  152  15:40  Missile Turret, Marine x3  
  152  15:41  Marine  
  152  15:42  Marauder, Marine  
  165  15:48  Marine x2  
Show
View Real Time Build Order
Export as new Build Order

Solar Zerg - Winner!

Build Orders: Hatch First, Lurkers 

Get SALT Encoding   

  12  0:01  Drone  
  13  0:12  Overlord  
  13  0:17  Drone  
  14  0:31  Drone  
  14  0:33  Drone  
  16  0:49  Hatchery  
  15  0:52  Drone  
  15  0:55  Drone  
  17  0:59  Drone  
  18  1:10  Extractor  
  17  1:15  Spawning Pool  
  17  1:18  Drone  
  17  1:22  Drone  
  18  1:29  Drone  
  19  1:40  Drone  
  20  1:52  Drone  
  21  2:01  Queen x2  
  21  2:02  Zergling x4  
  27  2:13  Overlord  
  27  2:15  Drone  
  28  2:24  Hatchery  
  28  2:27  Drone  
  28  2:32  Drone  
  29  2:38  Queen  
  29  2:42  Drone  
  32  2:46  Metabolic Boost  
  32  2:52  Overlord  
  32  2:55  Drone x2  
  32  2:58  Drone  
  34  3:00  Drone  
  35  3:11  Drone x5  
  40  3:19  Queen  
  42  3:22  Overlord  
  42  3:24  Drone  
  43  3:35  Queen  
  43  3:36  Queen  
  43  3:37  Drone  
  43  3:41  Overlord  
  48  3:46  Drone x3  
  48  3:47  Drone  
  53  3:48  Drone  
  53  3:50  Drone  
  53  3:54  Drone x2  
  53  3:55  Drone  
  57  3:59  Drone x2  
  57  4:02  Drone  
  60  4:04  Overlord  
  60  4:07  Drone  
  61  4:13  Queen  
  61  4:14  Drone x3  
  66  4:17  Overlord  
  66  4:22  Queen, Overlord  
  69  4:24  Drone  
  69  4:26  Overlord  
  69  4:33  Baneling Nest  
  69  4:35  Overlord  
  69  4:37  Zergling x2  
  69  4:38  Zergling x4, Spore Crawler  
  70  4:40  Zergling x2  
  70  4:41  Zergling x2, Spore Crawler  
  70  4:45  Drone x3  
  74  4:47  Drone, Extractor x2  
  73  4:53  Zergling x4  
  73  4:54  Drone x2  
  73  4:55  Lair  
  73  4:57  Drone x2  
  73  4:59  Drone  
  80  5:00  Drone  
  80  5:03  Zergling x2  
  80  5:06  Drone  
  83  5:08  Overlord  
  83  5:11  Drone  
  83  5:13  Extractor  
  83  5:14  Drone  
  83  5:15  Extractor  
  83  5:20  Drone, Evolution Chamber  
  82  5:22  Drone, Evolution Chamber  
  82  5:23  Drone x3  
  82  5:28  Zergling x2  
  87  5:30  Overlord  
  87  5:31  Zergling x4  
  87  5:33  Drone  
  90  5:36  Zergling x2, Hatchery  
  90  5:40  Zergling x8  
  94  5:44  Overlord  
  94  5:50  Zergling x4  
  96  5:58  Zergling x10  
  96  6:02  Zerg Ground Armor Level 1, Zerg Melee Weapons Level 1  
  96  6:05  Zergling x8  
  96  6:07  Zergling x2  
  91  6:13  Zergling x8  
  91  6:17  Centrifugal Hooks  
  95  6:19  Baneling x4  
  95  6:21  Zergling x2  
  95  6:22  Zergling x2  
  97  6:29  Zergling x6  
  97  6:31  Baneling x2  
  100  6:34  Zergling x2  
  100  6:38  Drone  
  102  6:40  Drone  
  102  6:41  Overlord  
  102  6:48  Drone  
  102  6:49  Zergling x2  
  102  6:50  Zergling x2  
  102  6:52  Baneling x3, Drone  
  104  6:59  Zergling x2  
  104  7:00  Zergling x8  
  107  7:08  Zergling x8  
  108  7:14  Drone x6  
  113  7:19  Extractor  
  113  7:22  Zergling x4  
  114  7:23  Drone  
  114  7:25  Queen  
  114  7:29  Baneling x3  
  117  7:30  Zergling x10  
  117  7:32  Drone  
  117  7:36  Zergling x4  
  124  7:40  Drone  
  124  7:41  Drone x2  
  124  7:42  Overlord x2  
  127  7:46  Overlord x2  
  127  7:53  Baneling x2  
  127  7:59  Overlord  
  127  8:02  Zergling x10  
  127  8:03  Zergling x8  
  135  8:06  Zergling x8  
  135  8:07  Zerg Melee Weapons Level 2, Zerg Ground Armor Level 2  
  138  8:13  Zergling x8  
  138  8:18  Zergling x6  
  132  8:20  Hatchery  
  132  8:23  Zergling x2  
  132  8:24  Overseer  
  118  8:28  Zergling x12, Baneling x2  
  118  8:31  Hydralisk Den  
  123  8:35  Drone x4  
  123  8:37  Drone x2  
  123  8:38  Drone  
  127  8:49  Drone x2  
  127  8:51  Zergling x10  
  134  8:56  Baneling x3  
  134  8:57  Baneling x2  
  134  9:01  Zergling x20  
  141  9:08  Hydralisk x3  
  147  9:12  Drone  
  147  9:16  Zergling x10  
  138  9:20  Hydralisk  
  138  9:22  Overlord  
  138  9:23  Zergling x4  
  142  9:30  Hydralisk, Pneumatized Carapace  
  142  9:31  Hydralisk x2, Extractor  
  144  9:33  Baneling x13  
  144  9:35  Hydralisk x4  
  155  9:39  Drone x3  
  155  9:40  Drone  
  158  9:46  Infestation Pit, Overseer  
  158  9:47  Extractor  
  158  9:48  Spore Crawler  
  158  9:50  Drone x3  
  158  9:52  Muscular Augments, Drone x2  
  160  9:55  Spore Crawler, Baneling x4  
  160  9:56  Baneling x5  
  160  9:57  Zergling x8  
  158  10:02  Zergling x8  
  158  10:04  Zergling x2  
  158  10:05  Zergling x4  
  160  10:07  Zergling x2  
  160  10:08  Zergling x6  
  160  10:10  Overlord  
  164  10:14  Drone x5  
  164  10:15  Drone  
  164  10:19  Hydralisk  
  172  10:24  Zerg Missile Weapons Level 1  
  172  10:26  Hive, Overlord x2  
  168  10:30  Queen  
  168  10:33  Drone x2  
  168  10:34  Drone  
  171  10:36  Zergling x2  
  171  10:37  Zergling x18  
  171  10:38  Overlord  
  171  10:40  Spore Crawler  
  171  10:42  Overlord  
  180  10:45  Drone x3  
  180  10:46  Hydralisk  
  183  10:52  Hydralisk x2  
  183  10:53  Zergling x10  
  183  10:54  Baneling x3  
  183  10:55  Baneling x3  
  192  10:58  Lurker Den  
  192  11:01  Zergling x12  
  192  11:03  Grooved Spines  
  197  11:06  Zergling x6  
  199  11:18  Hatchery  
  197  11:27  Zergling x6  
  197  11:29  Baneling  
  197  11:30  Baneling x11  
  182  11:42  Viper x2  
  182  11:46  Zergling x24  
  199  11:48  Adrenal Glands  
  199  11:52  Zerg Ground Armor Level 3  
  199  11:57  Overlord  
  199  11:59  Queen  
  199  12:08  Baneling x4  
  199  12:09  Seismic Spines  
  199  12:19  Zergling x10  
  187  12:23  Zergling x28  
  187  12:25  Hatchery  
  187  12:26  Baneling x5  
  198  12:33  Zergling x4  
  199  12:41  Zergling x8  
  200  12:46  Zergling x2  
  200  12:49  Zergling x6  
  199  12:53  Zergling x4  
  199  12:54  Zergling x2  
  195  12:58  Zergling x10  
  195  13:02  Hydralisk x2  
  195  13:03  Zergling x8, Hydralisk x3  
  195  13:04  Zergling x4  
  176  13:08  Zergling x16  
  176  13:09  Zergling x2  
  165  13:14  Zerg Melee Weapons Level 3  
  165  13:16  Baneling x4  
  165  13:19  Zergling x10  
  162  13:21  Zergling x6  
  162  13:23  Hatchery  
  162  13:25  Baneling x6  
  162  13:26  Viper  
  167  13:27  Adaptive Talons  
  167  13:28  Zergling x12  
  167  13:32  Queen x3  
  180  13:34  Drone  
  180  13:35  Baneling x2  
  180  13:37  Zergling x4, Hatchery  
  178  13:42  Zergling x6  
  178  13:45  Zergling x2  
  178  13:47  Baneling x9  
  181  13:50  Zergling x12  
  181  13:53  Zergling x2  
  188  13:56  Drone x4  
  188  14:02  Zergling x6  
  189  14:08  Drone x2  
  191  14:16  Zergling x6  
  194  14:20  Drone  
  194  14:22  Zergling x10  
  199  14:28  Zergling x8  
  194  14:32  Zergling x8  
  167  14:38  Hydralisk x2  
  167  14:39  Zergling x2  
  167  14:41  Zergling x2  
  167  14:42  Zergling x8  
  167  14:44  Zergling x2  
  163  14:49  Zergling x10  
  163  14:51  Zergling x8  
  163  14:52  Lurker x8  
  180  14:53  Hydralisk  
  180  14:54  Zergling x2  
  180  14:55  Zergling x4  
  180  14:58  Zergling x2  
  182  15:00  Zergling x4  
  182  15:05  Zergling x8  
  179  15:12  Zergling x12  
  184  15:15  Hydralisk x3  
  184  15:17  Zergling x6  
  184  15:20  Zergling x10  
  188  15:29  Hydralisk x4  
  188  15:31  Zergling x10  
  188  15:35  Drone x2  
  182  15:37  Drone  
  182  15:38  Baneling  
  182  15:39  Baneling x3, Drone x2  
  182  15:40  Drone  
  182  15:41  Hydralisk x3  
  192  15:44  Drone  
  192  15:45  Lurker x3  
  192  15:46  Zergling x4, Lurker  
  199  15:55  Hatchery  
Tags
 
Add a new tag
Caveats
  • Supply blocks, unpowered buildings, or Contaminate may cause inaccurate times.
  • Supply counts are checked every 10 seconds.